 Dungeon Crawl Stone Soup version 0.29-a0-284-gf9362112df (webtiles) character file.

Game seed: 8363149062958351591

222 being54 the Cudgeller (level 5, 0/34 HPs)
             Began as a Gargoyle Fighter on Mar 21, 2022.
             Was an Initiate of Okawaru.
             Slain by an ogre
             ... wielding a +0 giant club
              (6 damage)
             ... on level 4 of the Dungeon.
             The game lasted 00:04:36 (3294 turns).

being54 the Cudgeller (Gargoyle Fighter)            Turns: 3294, Time: 00:04:36

Health: 0/34       AC: 14    Str: 21    XL:     5   Next: 99%
Magic:  5/5        EV:  9    Int:  9    God:    Okawaru [......]
Gold:   222        SH:  4    Dex:  9    Spells: 4/4 levels left

rFire   . . .      SeeInvis .   a - +1 flail
rCold   . . .      Faith    .   c - +0 buckler
rNeg    + . .      Spirit   .   b - +0 scale mail
rPois   ∞          Reflect  .   (no helmet)
rElec   +          Harm     .   k - +1 cloak
rCorr   +          Rampage  .   l - +0 pair of gloves
Will    .....                   (no boots)
Stlth   ..........              (no amulet)
HPRegen 0.11/turn               g - ring of resist corrosion
MPRegen 0.09/turn               (no ring)

@: mighty
A: sickness immunity, AC +4, negative energy resistance 1, electricity
resistance, torment resistance 1, petrification resistance
a: Renounce Religion


You were on level 4 of the Dungeon.
You worshipped Okawaru.
Okawaru was noncommittal.
You visited 1 branch of the dungeon, and saw 4 of its levels.

You collected 222 gold pieces.

Inventory:

Hand Weapons
 a - a +1 flail (weapon)
Armour
 b - a +0 scale mail (worn)
 c - a +0 buckler (worn)
 k - a +1 cloak (worn)
 l - a +0 pair of gloves (worn)
Jewellery
 g - a ring of resist corrosion (left hand)
Wands
 e - a wand of charming (5)
Potions
 f - 2 potions of heal wounds {unknown}
 h - a potion of curing {unknown}


   Skills:
 + Level 4.7 Fighting
 * Level 4.7 Maces & Flails
 - Level 3.3 Armour
 - Level 3.3 Shields
 + Level 1.3 Invocations


You had 4 spell levels left.
You didn't know any spells.
Your spell library contained the following spells:

 Spells                   Type           Power      Damage    Failure   Level
 Wereblood                Tmut           0%         N/A       91%         2
 Conjure Flame            Conj/Fire      0%         6-21      99%         3
 Ignite Poison            Fire/Tmut/Pois 0%         N/A       99%         3
 Sticky Flame             Conj/Fire      0%         2d3       100%        4
 Sublimation of Blood     Necr           Unusable   N/A       N/A         2
 Summon Hydra             Summ           Unusable   N/A       N/A         7

Dungeon Overview and Level Annotations

Branches:
Dungeon (4/15)
 Temple: D:4-7

Altars:
Cheibriados
Kikubaaqudgha
Okawaru

Shops:
D:1 (   D:3 ?

Annotations:
D:4 1 transporter


Innate Abilities, Weirdness & Mutations

You are immune to sickness and miasma.
Your stone body is resilient. (AC +4)
You are immune to poison.
You resist negative energy. (rN+)
You are resistant to electric shocks. (rElec)
You are resistant to unholy torment.
You are immune to petrification.


Message History

As you read the scroll labelled WUIXET LIPTEXT, it crumbles to dust.
It is a scroll of enchant armour.
Your +0 cloak glows green for a moment.
As you read the scroll labelled BIOWILAOSA, it crumbles to dust.
You feel momentarily disoriented.
It was a scroll of magic mapping.
(D) Dungeon
Where to? (Enter - D:3 @ (x,y), ? - help)
There is a stone staircase leading down here.
You climb downwards.
You hear the sound of rushing water.
There is an entrance to a sewer on this level.
Hurry and find it before the portal rusts away!
The ogre shouts!
You hear a shout!
Found 13 gold pieces.
Found a stone staircase leading down.
There is a stone staircase leading up here.
Found a club.
Found a transporter.
Found a scroll labelled ZAISHR ULUNA and 8 gold pieces.
An orc comes into view. It is wielding a +0 hand axe.
An orc comes into view. It is wielding a +0 war axe.
The orc shouts!
You hear a shout!
You hit the ogre.
The ogre is lightly wounded.
You block the ogre's attack.
An orc comes into view. It is wielding a +0 hand axe.
You completely miss the ogre.
The ogre is lightly wounded.
You sock the ogre!
The ogre is heavily wounded.
The ogre hits you with a +0 giant club!!
Ouch! That really hurt!
* * * LOW HITPOINT WARNING * * *
You barely miss the ogre.
The ogre is heavily wounded.
The ogre hits you with a +0 giant club.
* * * LOW HITPOINT WARNING * * *
You feel very mighty all of a sudden. The ogre barely misses you.
The orc barely misses you.
You sock the ogre!
The ogre is almost dead.
You block the orc's attack. The ogre hits you with a +0 giant club.
You die...

#. ##.######
###..#....####
.............
.......>...
#......#
#oBo...#
##O#.#.###
#.@o.....#
#......$.#
#.#......# #.
..#.... #.
©.#.... ## ###
##. °. ©).☼ ..
?$...


You could see an ogre, 3 orcs and a giant cockroach.

Vanquished Creatures
  A kobold brigand (D:3)
  Jessica (D:2)
  A mummy (D:3)
  4 adders
  2 dart slugs (D:1)
  An orc (D:3)
  6 ball pythons
  7 bats
  5 endoplasms
  5 giant cockroaches
  7 goblins
  8 hobgoblins
  4 jackals (D:2)
  8 kobolds
  3 quokkas
  A frilled lizard (D:3)
  6 rats
  3 rat zombies (D:3)
73 creatures vanquished.

Notes
Turn   | Place    | Note
-------+----------+-------------------------------------------
     0 | D:1      | being54 the Gargoyle Fighter began the quest for the Orb.
     0 | D:1      | Reached XP level 1. HP: 14/14 MP: 1/1
   222 | D:1      | Reached XP level 2. HP: 19/19 MP: 2/2
   453 | D:1      | Reached XP level 3. HP: 16/24 MP: 3/3
   814 | D:1      | Found Bujuat's Antique Weapon Shop.
  2024 | D:2      | Reached XP level 4. HP: 29/29 MP: 4/4
  2094 | D:2      | Noticed Jessica
  2098 | D:2      | Killed Jessica
  2151 | D:3      | Found a snail-covered altar of Cheibriados.
  2262 | D:3      | Reached XP level 5. HP: 34/34 MP: 5/5
  2289 | D:3      | Found an ancient bone altar of Kikubaaqudgha.
  2408 | D:3      | Found an iron altar of Okawaru.
  2415 | D:3      | Became a worshipper of Warmaster Okawaru
  2500 | D:3      | Found Jogusop's Magic Scroll Shoppe.
  2752 | D:3      | Noticed a kobold brigand
  2775 | D:3      | Killed a kobold brigand
  2776 | D:3      | Reached skill level 1 in Invocations
  3283 | D:4      | Noticed an ogre
  3284 | D:4      | Found a transporter.
  3294 | D:4      | Slain by an ogre

Illustrated notes

Levels and vault maps discovered:
D:1:      dpeg_arrival_three_bigger_balls, layout_rooms, serial_shops,
          nicolae_shop_waterfront, serial_curves, eino_curves_01,
          eino_curves_01, eino_curves_04, eino_curves_04
D:2:      layout_basic, uniq_jessica
D:3:      cheibrodos_thug_alley, layout_loops_ring, slow_altar_1,
          lemuel_zombie_altar_kikubaaqudgha, old_standard_altar, serial_shops,
          shop, minmay_misc_feat_square
D:4:      gammafunk_cloud_chamber, layout_basic,
          minmay_temple_entry_glassed_door, gup_sewer_entry_bubbles,
          minmay_misc_feat_enclosed, kennysheep_generic_room_12

Skill      XL: |  1  2  3  4  5 |
---------------+----------------+-----
Maces & Flails | 3 4 |  4.7
Fighting       | 4 |  4.7
Invocations    | 1 |  1.3
Armour         | |  3.3
Shields        | |  3.3

Action                   |  1- 3 |  4- 6 || total
-------------------------+-------+-------++-------
Melee: Flail             |    90 |    98 ||   188
  Use: Scroll            |     3 |     4 ||     7
       Potion            |       |     1 ||     1
Armor: Scale mail        |    48 |    51 ||    99
Dodge: Dodged            |    34 |    45 ||    79
Block: Buckler           |    17 |    18 ||    35

Table legend: (Time is in decaauts)
 A = Elapsed time spent in this place.
 B = Non-inter-level travel time spent in this place.
 C = Inter-level travel time spent in this place.
 D = Time resting spent in this place.
 E = Time spent auto-exploring this place.
 F = Levels seen in this place.
 G = Mean time per level.
                   A        B        C        D        E       F      G
               +--------+--------+--------+--------+--------+-----+--------+
         Total |   3348 |   3248 |    100 |    177 |   2598 |   4 |  837.0 |
       Dungeon |   3348 |   3248 |    100 |    177 |   2598 |   4 |  837.0 |
               +--------+--------+--------+--------+--------+-----+--------+

Top non-repeatable levels by time:
     D:3: 1156 daAuts
     D:2: 1108 daAuts
     D:1: 1071 daAuts
     D:4: 11 daAuts
